 Dungeon Crawl Stone Soup version 0.29.1-1-gd02db6906a (console) character file.

Game seed: 3148283066933347842

556 erker the Caller (level 7, -4/41 HPs)
             Began as an Octopode Summoner on Oct 8, 2022.
             Slain by an unseen horror (6 damage)
             ... on level 7 of the Dungeon.
             The game lasted 00:14:39 (4472 turns).

erker the Caller (Octopode Summoner)                Turns: 4472, Time: 00:14:39

Health: -4/41      AC:  1    Str:  7    XL:     7   Next: 30%
Magic:  0/11       EV: 13    Int: 23    God:
Gold:   187        SH:  0    Dex: 12    Spells: 3/11 levels left

rFire   + . .      SeeInvis .   c - +7 dagger {vorpal, rF+ Int+3}
rCold   . . .      Faith    .   (no shield)
rNeg    . . .      Spirit   .   (helmet restricted)
rPois   .          Reflect  .   (no amulet)
rElec   .          Harm     .   (no ring)
rCorr   .          Rampage  .   (no ring)
Will    .....                   (no ring)
Stlth   +++.......              (no ring)
HPRegen 0.13/turn               (no ring)
MPRegen 0.12/turn               (no ring)
                                (no ring)
                                (no ring)

@: no status effects
A: almost no armour, amphibious, 8 rings, camouflage 1, gelatinous body 1,
(nimble swimmer 1), tentacles
a: no special abilities


You were on level 7 of the Dungeon.
You visited 1 branch of the dungeon, and saw 5 of its levels.

You collected 187 gold pieces.

Inventory:

Hand Weapons
 c - the +7 dagger of Cobwebs (weapon) {vorpal, rF+ Int+3}
   (You found it on level 2 of the Dungeon)

   It inflicts extra damage upon your enemies.
   Int:       It affects your intelligence (+3).
   rF:        It protects you from fire.
 f - a +2 dagger of venom
 j - a +2 vampiric trident
Wands
 m - a wand of paralysis (4)
 p - a wand of flame (14)
Scrolls
 d - 2 scrolls of magic mapping {unknown}
 e - 2 scrolls of fear {unknown}
 i - a scroll of identify {unknown}
 k - a scroll of acquirement {unknown}
 n - 3 scrolls of teleportation {unknown}
Potions
 a - a potion of magic
 b - 3 potions of ambrosia {unknown}
 g - a potion of brilliance {unknown}
 h - a potion of haste {unknown}
 l - a potion of resistance {unknown}
 o - a potion of heal wounds {unknown}


   Skills:
 - Level 2.0 Dodging
 - Level 2.6 Stealth
 + Level 2.7 Spellcasting
 + Level 1.8 Hexes
 * Level 7.8 Summonings
 + Level 1.4 Earth Magic


You had 3 spell levels left.
You knew the following spells:

 Your Spells              Type           Power      Damage    Failure   Level
a - Summon Small Mammal   Summ           100%       N/A       1%          1
g - Summon Guardian Gole  Hex/Summ       25%        N/A       4%          3
h - Call Canine Familiar  Summ           39%        N/A       1%          3
w - Sandblast             Erth           18%        2d7       7%          1

Your spell library contained the following spells:

 Spells                   Type           Power      Damage    Failure   Level
 Call Imp                 Summ           39%        N/A       1%          2
 Beastly Appendage        Tmut           6%         N/A       12%         1
 Passwall                 Tmut/Erth      5%         N/A       14%         2
 Wereblood                Tmut           3%         N/A       19%         2
 Stone Arrow              Conj/Erth      12%        3d7       26%         3
 Spider Form              Tmut/Pois      3%         N/A       34%         3
 Summon Lightning Spire   Summ/Air       21%        N/A       24%         4


Dungeon Overview and Level Annotations

Branches:
Dungeon (4/15)
 Temple: D:4-7

Altars:

Shops:
D:2 ??[[


Innate Abilities, Weirdness & Mutations

You cannot wear most types of armour.
You are amphibious.
You can wear up to eight rings at the same time.
Your skin changes colour to match your surroundings (Stealth+).
Your rubbery body absorbs attacks. (AC +1, EV +1)
((You are camouflaged when in or above water. (Stealth+)))
You have tentacles for arms and can constrict up to eight enemies at once.


Message History

You swap places.
Something hits your hound!
Your hound misses something. Something barely misses your hound.
Something barely misses your hound. Something hits your hound.
Your hound bites something.
Something hits your hound. Something hits your hound.
Your hound dies!
Your hound's corpse disappears in a puff of smoke!
Casting: Summon Guardian Golem (dangerous; 4% risk of failure)
Confirm with . or Enter, or press ? or * to list all spells.
You don't have enough magic to cast this spell.
Something hits your guardian golem but does no damage. x3
What are your orders? t - Shout!
Orders for allies: a - Attack new target. r - Retreat! s - Stop attacking. g - Guard the area. f - Follow me.
Anything else - Cancel.
Guard this area!
Something hits your guardian golem.
Something hits your guardian golem but does no damage. x2
Something hits your guardian golem but does no damage. x2
Something hits your guardian golem. Something hits your guardian golem.
Something hits your guardian golem but does no damage.
Something completely misses your guardian golem.
Something hits your guardian golem but does no damage. x2
Something hits you! Something hits you. x2
Something hits you.
* * * LOW HITPOINT WARNING * * *
Casting: Summon Guardian Golem (dangerous; 4% risk of failure)
Confirm with . or Enter, or press ? or * to list all spells.
A guardian golem appears, shielding your allies.
You hear the faint creaking of a distant portcullis.
Something hits you.
* * * LOW HITPOINT WARNING * * *
Something hits you!
* * * LOW HITPOINT WARNING * * *
Something hits your guardian golem but does no damage.
Something hits you.
You die...

#.# ##### #.#
##.$.###9#
#.....##.##.#
#......§....#
#.....9######
#####...#.# ..#
##.##.# #.#
#†##@# #.# #.##.#
#.# #.##.#
#.####.##.#
#######......##.#
#.........#####.#
#.#####...#
#.####### #...#
#.#... .#
########...#
#.#.###.#


You could see a friendly guardian golem (summoned).

Vanquished Creatures
  2 orc priests (D:3)
  An orc wizard (D:3)
  An adder (D:2)
  A worm (D:2)
  3 dart slugs
  4 orcs (D:3)
  3 ball pythons
  3 bats
  2 endoplasms (D:3)
  2 giant cockroaches (D:2)
  4 goblins
  4 hobgoblins
  A jackal (D:2)
  2 kobolds
  2 frilled lizards
  2 rats
37 creatures vanquished.

Vanquished Creatures (collateral kills)
  A hound (D:3)
  4 adders
  A worm (D:2)
  A dart slug (D:1)
  5 orcs
  5 ball pythons
  4 endoplasms
  2 goblins
  2 hobgoblins (D:1)
  6 jackals
  3 quokkas
  A bat (D:1)
  10 frilled lizards
  6 kobolds
  2 rats
53 creatures vanquished.

Vanquished Creatures (others)
  A wyvern (D:7)
  An ogre (D:4)
  A scorpion (D:3)
  3 plants (D:1)
6 creatures vanquished.

Grand Total: 96 creatures vanquished

Notes
Turn   | Place    | Note
-------+----------+-------------------------------------------
     0 | D:1      | erker the Octopode Summoner began the quest for the Orb.
     0 | D:1      | Reached XP level 1. HP: 11/11 MP: 3/3
    24 | D:1      | Found a faded altar of an unknown god.
   103 | D:1      | Reached XP level 2. HP: 9/17 MP: 3/5
   978 | D:1      | Reached XP level 3. HP: 21/21 MP: 3/6
   982 | D:1      | Learned a level 3 spell: Call Canine Familiar
  1129 | D:1      | Reached skill level 5 in Summonings
  1591 | D:2      | Found Lepuast's Magic Scroll Shop.
  1645 | D:2      | Identified the +7 dagger of Cobwebs {vorpal, rF+ Int+3}
  1655 | D:2      | Found Puatu's Magic Scroll Shoppe.
  1776 | D:2      | Found Ysyekeq's Antique Armour Shop.
  1805 | D:2      | Reached XP level 4. HP: 25/27 MP: 7/7
  1936 | D:2      | Found Qelom's Armour Shoppe.
  2196 | D:2      | Reached skill level 6 in Summonings
  2453 | D:3      | Noticed a scorpion
  2459 | D:3      | Learned a level 3 spell: Summon Guardian Golem
  2501 | D:3      | Killed a scorpion
  2502 | D:3      | Reached XP level 5. HP: 31/31 MP: 5/8
  3152 | D:3      | Reached skill level 7 in Summonings
  3152 | D:3      | Reached XP level 6. HP: 21/36 MP: 9/9
  4198 | D:4      | Learned a level 1 spell: Sandblast
  4252 | D:4      | Reached skill level 1 in Hexes
  4268 | D:4      | You fall into a shaft and drop 3 floors!
  4300 | D:7      | Noticed a water moccasin
  4316 | D:7      | Noticed a wyvern
  4324 | D:7      | Killed a wyvern
  4325 | D:7      | Reached skill level 1 in Earth Magic
  4325 | D:7      | Reached XP level 7. HP: 35/41 MP: 0/11
  4471 | D:7      | HP: 1/41 [something (7)]
  4472 | D:7      | Slain by an unseen horror

Illustrated notes

Levels and vault maps discovered:
D:1:      lightli_arrival_windingriver, layout_basic, serial_co_window_serial,
          co_window_cross_1, co_window_corner_a, co_window_paths_a,
          co_window_paths_a, co_window_corner_a, co_window_unsneaky_path_d,
          co_window_of_opportunity_b, co_window_corner_cb, co_window_broadway_c,
          glass_columns_b, glass_columns_c, basic_ecumenical_altar,
          serial_bayou_pond_e, amethyst_killhole
D:2:      layout_rooms, serial_shops, shop, nicolae_shop_crystal, shop,
          nicolae_shop_advertising_works [nicolae_subvault_shop_adworks],
          minmay_lizard_pond
D:3:      layout_loops_ring
D:4:      layout_loops_cross
D:7:      layout_loops_ring, enter_bailey_2, amcnicky_mini_corridor_feature

Skill      XL: |  1  2  3  4  5  6 |
---------------+-------------------+-----
Summonings     | 5 6 7 |  7.8
Hexes          | 1 |  1.8
Earth Magic    | 1 |  1.4
Dodging        | |  2.0
Stealth        | |  2.6
Spellcasting   | |  2.7

Action                   |  1- 3 |  4- 6 |  7- 9 || total
-------------------------+-------+-------+-------++-------
Melee: Unarmed           |    17 |       |       ||    17
       Constrict         |     8 |     8 |       ||    16
       Tentacles         |     4 |     5 |       ||     9
       Punch             |     1 |       |       ||     1
       Dagger            |     7 |    50 |     1 ||    58
 Cast: Summon Small Mamm |    33 |     1 |       ||    34
       Call Canine Famil |     3 |     9 |     2 ||    14
       Summon Guardian G |       |     9 |     3 ||    12
 Stab: Sleeping          |     4 |     6 |       ||    10
       Distracted        |       |     1 |       ||     1
Armor: Skin              |     3 |     4 |       ||     7
Dodge: Dodged            |    16 |    26 |       ||    42
